AoeStats
← zygarde02.02.2000

Arabia

503788958Analyzed
1v1 RM · 1mo ago on Sep 2, 2026· 28m 20s· 2 players
Game mode
Random Map
Map size
Tiny (2 player)
Population
200
Speed
Normal
Resources
Standard
Victory
Conquest
Starting age
Dark Age
Ending age
Imperial Age
RankedLock teamsTeams togetherTeam positionsShared explorationLock speedFull tech treeHidden civsTurbo modeCheats
Victory
Defeat
🇹🇷 Khmer · Türkiye
912
+18
🇮🇳 Khmer · India
950
-52
Uggumka
10:24 Feudal Age
9:30 Loom
10:56 Double-Bit Axe
15:44 Fletching
17:20 Horse Collar
20:51 Castle Age
22:11 Husbandry
21:38 Crossbowman
23:50 Wheelbarrow
24:03 Bow Saw
23:47 Gold Mining
23:47 Stone Mining
25:39 Scale Barding Armor
25:29 Bodkin Arrow
zygarde02.02.2000
1:11 Loom
13:10 Feudal Age
13:30 Horse Collar
13:38 Double-Bit Axe
13:46 Stone Mining
15:03 Wheelbarrow
14:16 Town Watch
17:27 Gold Mining
18:50 Fletching
19:15 Forging
22:13 Bloodlines
Connection lost

Rejoining the realm…

Still unreachable

The connection could not be restored.

Session expired

The server has moved on; the page needs a fresh start.